 Dungeon Crawl Stone Soup version 0.28.0-1-gb440e238dd (webtiles) character file.

Game seed: 1650958357752314457

805 Peloso the Slasher (level 7, -3/62 HPs)
             Began as a Minotaur Fighter on Feb 20, 2022.
             Splashed by a jelly's acid (11 damage)
             ... on level 5 of the Dungeon.
             The game lasted 00:07:39 (6158 turns).

Peloso the Slasher (Minotaur Fighter)               Turns: 6158, Time: 00:07:39

Health: -3/62      AC: -6    Str: 20    XL:     7   Next: 60%
Magic:  6/6        EV:  6    Int:  5    God:
Gold:   471        SH:  9    Dex: 12    Spells: 6/6 levels left

rFire   . . .      SeeInvis .   a - +0 long sword
rCold   . . .      Faith    .   c - +0 kite shield
rNeg    . . .      Spirit   .   y - +3 chain mail
rPois   .          Reflect  .   (helmet restricted)
rElec   .          Harm     .   (no cloak)
rCorr   .          Rampage  .   (no gloves)
Will    .....                   (no boots)
Stlth   ..........              (no amulet)
HPRegen 0.20/turn               (no ring)
MPRegen 0.10/turn               (no ring)

@: corroded
A: horns 2, retaliatory headbutt
a: no special abilities


You were on level 5 of the Dungeon.
You visited 1 branch of the dungeon, and saw 5 of its levels.
You also visited: Ossuary.

You collected 471 gold pieces.

Inventory:

Hand Weapons
 a - a +0 long sword (weapon)
Armour
 b - a +0 scale mail
 c - a +0 kite shield (worn)
 y - a +3 chain mail (worn)
Jewellery
 l - an amulet of magic regeneration
Wands
 t - a wand of paralysis (11)
 u - a wand of acid (9)
 v - a wand of iceblast (8)
Scrolls
 d - a scroll of acquirement {unknown}
 f - a scroll of immolation {unknown}
 g - a scroll of brand weapon {unknown}
 h - a scroll of fear {unknown}
 i - 3 scrolls of teleportation
 j - 4 scrolls of identify {unknown}
 q - 2 scrolls of fog {unknown}
 r - 4 scrolls of noise {unknown}
 s - 2 scrolls of blinking {unknown}
 w - a scroll of enchant armour {unknown}
 z - a scroll of amnesia {unknown}
Potions
 e - 3 potions of mutation {unknown}
 k - 4 potions of curing {unknown}
 m - a potion of brilliance {unknown}
 n - 2 potions of cancellation {unknown}
 o - 4 potions of heal wounds {unknown}
 p - a potion of haste {unknown}
 x - a potion of flight {unknown}


   Skills:
 + Level 5.9 Fighting
 + Level 6.5 Long Blades
 + Level 6.0 Armour
 + Level 0.4 Dodging
 + Level 5.7 Shields


You had 6 spell levels left.
You didn't know any spells.
Your spell library contained the following spells:

 Spells                   Type           Power      Damage    Failure   Level
 Slow                     Hex            0%         N/A       100%        1
 Confusing Touch          Hex            0%         N/A       100%        3
 Vampiric Draining        Necr           0%         2d6       100%        3


Dungeon Overview and Level Annotations

Branches:
Dungeon (5/15)            Ossuary (visited)
 Temple: D:4-7

Altars:
Cheibriados

Shops:
D:5 *

Annotations:
D:3 2 transporters, Tzialkovskiy's ghost, amateur MiFi


Innate Abilities, Weirdness & Mutations

You have a pair of horns on your head.
You reflexively headbutt those who attack you in melee.


Message History

z - a scroll labelled ISCHIZ SAROLOCK You see here a +0 trident.
Found 24 arrows.
A jelly and an orc come into view.
The jelly quivers.
The orc shouts!
The orc hits you but does no damage.
You barely miss the orc. Your headbutt misses the orc.
The orc hits you but does no damage.
You slash the orc!
You kill the orc!
Found Jobrel's General Store.
The jelly hits you. The acid corrodes you!
You are splashed with acid!
Things that are here:
a +0 short sword; a +0 leather armour; an orc corpse You slash the jelly!
The acid corrodes you!
Your hands burn!
The jelly is severely wounded.
The jelly jiggles.
The jelly hits you but does no damage. The jelly barely misses you.
You hit the jelly but do no damage. The acid corrodes you!
Your hands burn!
The jelly is severely wounded.
The jelly hits you.
You are splashed with acid!
You hit the jelly but do no damage.
Your hands burn!
The jelly is severely wounded.
The jelly hits you. The acid corrodes you!
You are splashed with acid!
You hit the jelly but do no damage.
Your hands burn!
You headbutt the jelly, but do no damage.
The jelly is severely wounded.
You block the jelly's attack.
You hit the jelly but do no damage.
Your hands burn!
* * * LOW HITPOINT WARNING * * *
The jelly is severely wounded.
The jelly hits you.
* * * LOW HITPOINT WARNING * * *
The acid corrodes you!
You are splashed with acid!
* * * LOW HITPOINT WARNING * * *
The jelly hits you.
* * * LOW HITPOINT WARNING * * *
You are splashed with acid!
You die...

......# (...... ......#
###§........##
......#####.............
.>#....#.#..........#...
..#......#...#.......#.#
..)..#...#..##........∩
....####....##.......#
....# ##....#.....#
...## #........J@.#
....###..........##
.....#...........?#
..................#
....................
.....#...............
#.....##............##
#.#...#.#..........#.
#.##...#. #....


You could see a jelly.

Vanquished Creatures
  Sigmund (D:4)
  Pargi (D:4)
  An orc warrior (D:4)
  A necrophage (D:4)
  A bullfrog zombie (D:5)
  A hound (D:5)
  A centaur skeleton (D:4)
  A jelly (D:5)
  An orc wizard (D:2)
  8 mummies (Ossuary)
  4 adders
  A worm (D:3)
  2 dart slugs
  7 orcs
  4 bats
  10 endoplasms
  8 giant cockroaches
  3 gnoll zombies (Ossuary)
  5 goblins
  10 hobgoblins
  4 kobolds
  5 quokkas
  7 ball pythons
  6 frilled lizards
  3 hobgoblin zombies (Ossuary)
  2 orc zombies (Ossuary)
  7 rats
105 creatures vanquished.

Notes
Turn   | Place    | Note
-------+----------+-------------------------------------------
     0 | D:1      | Peloso the Minotaur Fighter began the quest for the Orb.
     0 | D:1      | Reached XP level 1. HP: 19/19 MP: 0/0
   310 | D:1      | Reached XP level 2. HP: 21/27 MP: 1/1
   376 | D:1      | Found a faded altar of an unknown god.
   748 | D:1      | Reached XP level 3. HP: 28/33 MP: 2/2
  1141 | D:2      | Found a snail-covered altar of Cheibriados.
  1174 | D:2      | Identified the +1 hand axe "Kyxkuthua" {venom, rF+ Int+5
                  | Dex-4}
  1497 | D:2      | Reached XP level 4. HP: 37/41 MP: 3/3
  2257 | D:3      | Found a transporter.
  2260 | D:3      | Noticed Tzialkovskiy's ghost (amateur MiFi)
  2525 | D:3      | Found a transporter.
  2618 | D:4      | Found a sand-covered staircase.
  2622 | D:4      | Noticed an orc warrior
  2626 | Ossuary  | Entered an ossuary
  2702 | Ossuary  | Reached XP level 5. HP: 37/47 MP: 4/4
  2961 | Ossuary  | Reached skill level 5 in Long Blades
  3408 | D:4      | Killed an orc warrior
  3409 | D:4      | Reached skill level 5 in Fighting
  3409 | D:4      | Reached XP level 6. HP: 12/56 MP: 5/5
  3418 | D:4      | Noticed Sigmund
  3424 | D:4      | Killed Sigmund
  3425 | D:4      | Reached skill level 5 in Armour
  3425 | D:4      | Reached skill level 5 in Shields
  3728 | D:4      | Reached XP level 7. HP: 61/61 MP: 6/6
  4052 | D:4      | Noticed Pargi
  4076 | D:4      | Killed Pargi
  5863 | D:5      | Entered Level 5 of the Dungeon
  6152 | D:5      | Found Jobrel's General Store.
  6158 | D:5      | Splashed by a jelly's acid

Illustrated notes

Levels and vault maps discovered:
D:1:      lemuel_arrival_behind_the_door_small, layout_basic,
          basic_ecumenical_altar, minmay_surrounded
D:2:      layout_basic, basic_altar
D:3:      layout_rooms, gammafunk_ghost_mausoleum
D:4:      layout_loops_ring, nicolae_ossuary_entry_ruins,
          chequers_serial_rivers_micro_b, lemuel_flame_loot_1, uniq_pargi,
          uniq_sigmund
D:5:      layout_cave_pools, nzn_hepliaklqana_mist_gate, serial_shops,
          nicolae_shop_advertising_works [nicolae_subvault_shop_adworks],
          corexii_hall_statues_l, chequers_serial_rivers_micro_c,
          minmay_misc_feat_secret_circle, minmay_liquid_box

Skill      XL: |  1  2  3  4  5  6  7 |
---------------+----------------------+-----
Armour         | 4 5 6 |  6.0
Fighting       | 4 5 |  5.9
Shields        | 4 5 |  5.7
Long Blades    | 3 4 5 6 |  6.5
Dodging        | |  0.4

Action                   |  1- 3 |  4- 6 |  7- 9 || total
-------------------------+-------+-------+-------++-------
Melee: Long sword        |   100 |   121 |    66 ||   287
       Headbutt          |    15 |    27 |    11 ||    53
  Use: Scroll            |       |     1 |       ||     1
       Potion            |       |     1 |       ||     1
Armor: Scale mail        |    29 |       |       ||    29
       Plate armour      |    50 |    99 |    33 ||   182
       Chain mail        |       |       |     3 ||     3
Dodge: Dodged            |    36 |    29 |    16 ||    81
Block: Buckler           |     4 |       |       ||     4
       Kite shield       |    59 |    66 |    38 ||   163
